 Dungeon Crawl Stone Soup version 0.13.1-2-gfb2c2b7 (webtiles) character file.

426 Lilouch the Skirmisher (level 5, 0/45 HPs)
             Began as a Demonspawn Chaos Knight on Dec 11, 2013.
             Was a Plaything of Xom.
             Slain by a worker ant (1 damage)
             ... on Level 5 of the Dungeon.
             The game lasted 00:16:11 (3131 turns).

Lilouch the Skirmisher (Demonspawn Chaos Knight)    Turns: 3131, Time: 00:16:11

HP   0/45        AC  8     Str 13      XL: 5   Next: 93%
MP   5/5         EV  8     Int 15 (16) God: Xom
Gold 169         SH  0     Dex 13      Spells:  0 memorised,  4 levels left

Res.Fire  : + + .   See Invis. : +   a - +0 spear (chaos) {=f}
Res.Cold  : . . .   Warding    : .   C - +1 orc scale mail {rF+}
Life Prot.: . . .   Conserve   : .   (no shield)
Res.Poison: .       Res.Corr.  : .   (no helmet)
Res.Elec. : .       Clarity    : .   r - +0 orc cloak
Sust.Abil.: . .     Spirit.Shd : .   (no gloves)
Res.Mut.  : .       Stasis     : .   (no boots)
Res.Rott. : .       Flight     : .   (no amulet)
Saprovore : . . .                    y - +3 ring of intelligence
                                     x - ring of wizardry

@: mildly poisoned, glowing, heavily drained, slightly resistant to hostile
enchantments, extremely unstealthy
A: hooves 1, see invisible, conserve scrolls, deterioration 1, fire resistance
1, +10% hp, screaming 1, slow metabolism 1
a: Renounce Religion


You were on level 5 of the Dungeon.
You worshipped Xom.
You were a beloved toy of Xom.
You were not hungry.

You visited 1 branch of the dungeon, and saw 5 of its levels.

You collected 149 gold pieces.

Inventory:

Hand weapons
 a - a +0,+0 spear of chaos (weapon) {=f}
 f - a +0,+0 spear
 w - a +3,+2 dagger of chaos
 z - a +0,+0 spear
 G - a -1 orcish blowgun
Missiles
 g - 41 bolts
 l - 65 sling bullets
 E - 2 curare-tipped needles
 I - 2 javelins of penetration (quivered)
Armour
 b - a +2 leather armour
 r - a +0 orcish cloak (worn)
 C - a +1 orcish scale mail of fire resistance (worn)
Magical devices
 v - a wand of flame (18)
Comestibles
 c - 3 bread rations
 d - a pear
 t - 3 meat rations
 u - a snozzcumber
 D - a chunk of bat flesh
 H - 2 chunks of hound flesh
 J - a chunk of ball python flesh
Scrolls
 h - a scroll of remove curse {unknown}
 i - a scroll of random uselessness {unknown}
 j - a scroll of teleportation
 k - a scroll of amnesia
 m - 2 scrolls of identify
 p - 2 scrolls of enchant weapon II
Jewellery
 x - a ring of wizardry (left hand)
 y - a +3 ring of intelligence (right hand)
Potions
 e - 2 potions of agility
 o - a potion of flight {unknown}
 q - 2 potions of magic
 s - a potion of might
 A - a potion of poison {unknown}
 B - 2 potions of restore abilities
 F - a potion of berserk rage {unknown}


   Skills:
 * Level 5.2(3.0) Fighting
 + Level 3.8(1.7) Polearms
 + Level 3.1(1.1) Armour
 - Level 0.8(0.0) Dodging


You had 4 spell levels left.
You didn't know any spells.

Dungeon Overview and Level Annotations

Branches:
Dungeon (5/27)
 Temple: D:4-7

Altars:
Ashenzari
Cheibriados
Nemelex Xobeh
Sif Muna

Annotations:
D:4 Blork the orc, Eustachio


Innate Abilities, Weirdness & Mutations

You have large cloven feet.
You are very good at protecting items from fire.
Your flesh is heat resistant.
You have supernaturally acute eyesight.
Your body is slowly deteriorating.
You are robust (+10% HP).
You occasionally shout uncontrollably.
You have a slow metabolism.


Message History

The worker ant bites you!
* * * LOW HITPOINT WARNING * * *
Drink which item? (? for menu, Esc to quit)
You feel better.
The worker ant bites you but does no damage.
The worker ant barely misses you.
You hit the worker ant but do no damage.
The worker ant seems to speed up.
The worker ant is severely wounded.
The worker ant bites you but does no damage.
A kobold comes into view. It is wielding a dagger.
You barely miss the worker ant.
You kick the worker ant, but do no damage.
The worker ant is severely wounded.
The worker ant bites you!
* * * LOW HITPOINT WARNING * * *
You are poisoned.
The worker ant poisons you!
The kobold throws a dart.
The dart hits the worker ant.
The worker ant bites you.
You die...

############################
................@a..........
............................
...........................
.......................K...
...........................
.....#####################
.....# .....# .....#


You could see a worker ant (berserk) and a kobold.

Vanquished Creatures
  An ogre (D:5)
  A hound (D:5)
  A crimson imp (D:5)
  Ijyb (D:3)
  3 adders
  2 worms
  A giant gecko (D:3)
  3 ball pythons
  6 bats
  A giant cockroach (D:3)
  9 goblins
  3 hobgoblins
  3 jackals (D:3)
  9 kobolds
  A quokka (D:3)
  4 giant newts
  9 rats
58 creatures vanquished.

Notes
Turn   | Place    | Note
--------------------------------------------------------------
     0 | D:1      | Lilouch, the Demonspawn Chaos Knight, began the quest for the Orb.
     0 | D:1      | Reached XP level 1. HP: 16/16 MP: 1/1
   161 | D:1      | XOM: harmless Tloc miscast
   248 | D:1      | XOM: harmless Divn miscast
   287 | D:1      | XOM: harmless Hex miscast
   478 | D:1      | XOM: silly message
   486 | D:1      | Gained mutation: You are very good at protecting items from fire. [demonic ancestry]
   486 | D:1      | Reached XP level 2. HP: 22/22 MP: 2/2
   534 | D:1      | XOM: silly message
   898 | D:2      | XOM: harmless Divn miscast
   907 | D:2      | XOM: silly message
   965 | D:2      | Gained mutation: You have large cloven feet. [demonic ancestry]
   965 | D:2      | Reached XP level 3. HP: 24/28 MP: 3/3
  1116 | D:2      | XOM: 4-stop teleportation journey
  1123 | D:2      | XOM: give mutations
  1123 | D:2      | Gained mutation: Your body is slowly deteriorating. [Xom's mischief]
  1123 | D:2      | Gained mutation: You are robust (+10% HP). [Xom's mischief]
  1584 | D:3      | Found a sparkling altar of Nemelex Xobeh.
  1770 | D:3      | Reached skill level 4 in Fighting
  1836 | D:3      | XOM: harmless Conj miscast
  2096 | D:3      | XOM: give mutations
  2096 | D:3      | Gained mutation: You occasionally shout uncontrollably. [Xom's mischief]
  2096 | D:3      | Gained mutation: You have a slow metabolism. [Xom's mischief]
  2096 | D:3      | Gained mutation: You have supernaturally acute eyesight. [Xom's mischief]
  2126 | D:3      | Reached XP level 4. HP: 30/38 MP: 4/4
  2186 | D:3      | Found a deep blue altar of Sif Muna.
  2186 | D:3      | Found a snail-covered altar of Cheibriados.
  2187 | D:3      | Found a shattered altar of Ashenzari.
  2272 | D:4      | Noticed Blork the orc
  2341 | D:4      | Noticed Ijyb
  2359 | D:3      | XOM: chaos upgrade
  2465 | D:2      | XOM: harmless Trmt miscast
  2572 | D:3      | XOM: harmless Tloc miscast
  2606 | D:3      | Killed Ijyb
  2766 | D:4      | Noticed Eustachio
  2771 | D:4      | XOM: enchant monster (good)
  2772 | D:5      | Entered Level 5 of the Dungeon
  2778 | D:5      | Noticed an ogre
  2784 | D:5      | XOM: mild Trmt miscast
  2791 | D:5      | Killed an ogre
  2791 | D:5      | Gained mutation: Your flesh is heat resistant. [demonic ancestry]
  2791 | D:5      | Reached XP level 5. HP: 26/45 MP: 5/5
  2895 | D:5      | XOM: draining
  2913 | D:5      | XOM: enchant monster (bad)
  2922 | D:5      | Reached skill level 5 in Fighting
  3021 | D:5      | XOM: 1-stop teleportation journey
  3049 | D:5      | XOM: silly message
  3119 | D:5      | XOM: noise
  3121 | D:5      | XOM: mild Chrm miscast
  3126 | D:5      | HP: 2/45 [worker ant (10)]
  3131 | D:5      | HP: 1/45 [worker ant (7)]
  3131 | D:5      | Slain by a worker ant

Action                   |  1- 3 |  4- 6 || total
-------------------------+-------+-------++-------
Melee: Spear             |   124 |   147 ||   271
Throw: Spear             |       |     2 ||     2
       Javelin           |       |     2 ||     2
       Dagger            |       |     1 ||     1
Evoke: Wand              |       |     1 ||     1
  Use: Scroll            |       |     5 ||     5
       Potion            |       |     3 ||     3
 Stab: Paralysed         |     1 |     9 ||    10
       Confused          |     1 |       ||     1
       Sleeping          |     1 |       ||     1
       Petrified         |       |     2 ||     2
